 Dungeon Crawl Stone Soup version 0.23.2-1-ga50397a (webtiles) character file.

Game seed: 2576531262330759908

1768 doot the Thaumaturge (level 8, -3/42 HPs)
             Began as a Deep Elf Wizard on Apr 18, 2019.
             Was an Initiate of Vehumet.
             Slain by an orc warrior
             ... wielding a +0 dire flail
              (18 damage)
             ... on level 6 of the Dungeon.
             The game lasted 00:18:46 (6829 turns).

doot the Thaumaturge (Deep Elf Wizard)              Turns: 6829, Time: 00:18:47

Health: -3/42      AC:  6    Str:  7    XL:     8   Next: 80%
Magic:  8/25       EV: 13    Int: 26    God:    Vehumet [......]
Gold:   141        SH:  0    Dex: 13    Spells: 16/29 levels left

rFire    . . .     SeeInvis .   (no weapon)
rCold    . . .     Gourm    .   (no shield)
rNeg     . . .     Faith    .   y - +2 robe {MR+}
rPois    .         Spirit   .   x - +0 helmet
rElec    .         Reflect  .   (no cloak)
rCorr    .         Harm     .   (no gloves)
MR       ++...                  p - +0 pair of boots
Stlth    ++........             (no amulet)
HPRegen  0.14/turn              i - +3 ring of strength
MPRegen  0.19/turn              n - ring of protection from magic (curse)

@: no status effects
A: no striking features
a: Renounce Religion


You were on level 6 of the Dungeon.
You worshipped Vehumet.
Vehumet was noncommittal.
You were not hungry.

You visited 2 branches of the dungeon, and saw 7 of its levels.

You collected 251 gold pieces.
You spent 110 gold pieces at shops.

Inventory:

Hand Weapons
 t - a +0 blowgun
Missiles
 u - 19 poisoned needles
Armour
 a - a +0 robe
 b - a +0 hat
 p - a +0 pair of boots (worn)
 x - a +0 helmet (worn)
 y - a +2 robe of magic resistance (worn)
Jewellery
 i - a +3 ring of strength (left hand)
 n - a cursed ring of protection from magic (right hand)
Wands
 l - a wand of disintegration (11)
 q - a wand of digging (4)
 D - a wand of acid (11)
Scrolls
 c - a scroll of remove curse {unknown}
 e - 4 scrolls of teleportation
 f - 2 scrolls of magic mapping {unknown}
 g - 3 scrolls of identify
 k - a scroll of fear {unknown}
 m - 2 scrolls of blinking {unknown}
 r - a scroll of amnesia {unknown}
 w - 2 scrolls of fog
 B - 3 scrolls of random uselessness {unknown}
Potions
 h - a potion of mutation
 j - 2 potions of might
 o - a potion of flight
 s - 2 potions of curing
 v - a potion of ambrosia
 z - 2 potions of magic
 A - a potion of heal wounds
 C - a potion of lignification
Comestibles
 d - 8 rations
 E - 2 chunks of flesh


   Skills:
 + Level 0.6 Fighting
 + Level 3.5 Dodging
 + Level 4.0 Stealth
 + Level 11.3 Spellcasting
 + Level 7.0 Conjurations
 + Level 1.1 Summonings
 + Level 1.6 Translocations
 + Level 1.1 Fire Magic
 + Level 1.5 Air Magic
 + Level 1.3 Poison Magic


You had 16 spell levels left.
You knew the following spells:

 Your Spells              Type           Power        Failure   Level  Hunger
a - Magic Dart            Conj           ####         1%          1    None
b - Blink                 Tloc           N/A          3%          2    None
c - Call Imp              Summ           ###.....     3%          2    None
d - Slow                  Hex            ##......     6%          2    None
e - Conjure Flame         Conj/Fire      #####...     2%          3    None
f - Mephitic Cloud        Conj/Pois/Air  ####....     3%          3    None

Your spell library contained the following spells:

 Spells                   Type           Power        Failure   Level  Hunger
 Dazzling Spray           Conj/Hex       ####..       3%          3    None
 Corona                   Hex            ##.....      4%          1    None
 Ensorcelled Hibernation  Hex/Ice        ##....       6%          2    None
 Confuse                  Hex            ##......     12%         3    None
 Tukima's Dance           Hex            ##......     12%         3    None


Dungeon Overview and Level Annotations

Branches:
Dungeon (6/15)             Temple (1/1) D:5

Altars:
Ashenzari
Cheibriados
Dithmenos
Fedhas
Gozag
Hepliaklqana
Kikubaaqudgha
Nemelex Xobeh
Okawaru
Qazlal
Ru
Sif Muna
Trog
Uskayaw
Vehumet
Wu Jian
Xom
Yredelemnul
Zin
The Shining One

Shops:
D:5 ?[

Annotations:
D:6 Sigmund


Message History

Confirm with . or Enter, or press ? or * to list all spells.
Aiming: Conjure Flame (safe; 2% risk of failure)
Press: ? - help, Dir - move target cursor The fire ignites!
The orc wizard gestures wildly while chanting.
The orc wizard seems to speed up.
Casting: Conjure Flame (safe; 2% risk of failure)
Confirm with . or Enter, or press ? or * to list all spells.
Aiming: Mephitic Cloud (safe; 3% risk of failure)
Press: ? - help, Shift-Dir - straight line, f - orc warrior
Aim: an orc warrior, wielding a +0 dire flail and wearing a +0 chain mail (lightly wounded, confused)
The ball explodes into a vile cloud!
The stinking cloud engulfs the orc warrior but does no damage.
The orc warrior is lightly wounded.
You hear a shout!
The orc warrior is engulfed in noxious fumes.
The orc warrior appears confused.
The orc warrior is engulfed in blazing flames.
The orc warrior hits you with a +0 dire flail!!
You die...

#### #########
...####).....(### ##
...#....####..(.##
.###
........######..@###
...### ÷..#......#
###.o§### .....#
.###.....##
###§§°##.....# .#
#.....# ###o○.#....#
## ##...## ##.o.##.#
# #..## ###.).### ..
# #### ###...#.... #
##....# ##...#


You could see an orc warrior (confused), an orc wizard and an orc.

Vanquished Creatures
  Pikel (D:4)
  4 slaves (D:4)
  An ice beast (D:5)
  2 phantoms
  An orc warrior (D:6)
  2 ogres (D:4)
  A centaur (D:6)
  A bullfrog (D:6)
  A scorpion (D:4)
  A howler monkey (D:4)
  A hound (D:4)
  2 orc priests
  3 orc wizards
  A bullfrog skeleton (D:5)
  2 iguanas (D:4)
  Natasha (twice) (D:3)
  A worker ant (D:5)
  6 gnolls
  A howler monkey skeleton (D:4)
  9 adders
  2 oozes
  5 worms
  3 dart slugs
  3 leopard geckos
  8 orcs
  2 ball pythons
  A bat zombie (D:5)
  7 giant cockroaches
  10 goblins
  4 hobgoblins
  3 jackals (D:2)
  6 kobolds
  4 quokkas
  12 bats
  A frilled lizard (D:2)
  2 kobold skeletons (D:2)
  8 rats
  3 rat zombies (D:5)
127 creatures vanquished.

Vanquished Creatures (others)
  A gnoll (D:2)
  2 bats (D:2)
3 creatures vanquished.

Grand Total: 130 creatures vanquished

Notes
Turn   | Place    | Note
-------+----------+-------------------------------------------
     0 | D:1      | doot the Deep Elf Wizard began the quest for the Orb.
     0 | D:1      | Reached XP level 1. HP: 10/10 MP: 7/7
    94 | D:1      | Reached skill level 5 in Spellcasting
   336 | D:1      | Reached XP level 2. HP: 15/15 MP: 8/10
   481 | D:1      | Learned a level 2 spell: Blink
   484 | D:1      | Learned a level 2 spell: Call Imp
   487 | D:1      | Learned a level 2 spell: Slow
   637 | D:1      | Reached XP level 3. HP: 19/19 MP: 9/12
   765 | D:1      | Found a shimmering altar of Xom.
  1303 | D:2      | Learned a level 3 spell: Conjure Flame
  1307 | D:2      | Learned a level 3 spell: Mephitic Cloud
  1315 | D:2      | Reached skill level 6 in Spellcasting
  1453 | D:2      | Reached XP level 4. HP: 24/24 MP: 2/14
  1576 | D:2      | Found a sacrificial altar of Ru.
  1832 | D:2      | Found a runed translucent door.
  1832 | D:2      | Noticed a human
  1835 | D:2      | Found a basalt altar of Yredelemnul.
  1965 | D:2      | Reached XP level 5. HP: 28/28 MP: 8/16
  2524 | D:3      | Noticed Natasha
  2531 | D:3      | Killed Natasha
  2531 | D:3      | Reached skill level 7 in Spellcasting
  2742 | D:3      | Found a shattered altar of Ashenzari.
  2905 | D:3      | Noticed Natasha
  2919 | D:3      | Killed Natasha
  3232 | D:4      | Reached XP level 6. HP: 32/32 MP: 15/18
  3368 | D:4      | Reached skill level 8 in Spellcasting
  3746 | D:4      | Found a glowing golden altar of the Shining One.
  3844 | D:4      | Reached XP level 7. HP: 36/36 MP: 8/21
  3952 | D:4      | Noticed Pikel
  4000 | D:5      | Entered Level 5 of the Dungeon
  4401 | D:4      | Killed Pikel
  4401 | D:4      | Reached skill level 9 in Spellcasting
  4401 | D:4      | Reached skill level 5 in Conjurations
  4401 | D:4      | Reached skill level 1 in Air Magic
  4543 | D:4      | Reached skill level 1 in Poison Magic
  4543 | D:4      | Reached XP level 8. HP: 42/42 MP: 12/23
  4906 | D:5      | Reached skill level 10 in Spellcasting
  5195 | D:5      | Found an ancient bone altar of Kikubaaqudgha.
  5501 | D:5      | Found a staircase to the Ecumenical Temple.
  5517 | Temple   | Entered the Ecumenical Temple
  5682 | Temple   | Became a worshipper of Vehumet
  5773 | D:5      | Found Senwiq's Armour Shoppe.
  5795 | D:5      | Found Wuho's Magic Scroll Shoppe.
  5805 | D:5      | Bought a scroll of fog for 20 gold pieces
  5805 | D:5      | Bought a scroll of teleportation for 30 gold pieces
  5805 | D:5      | Bought a scroll of teleportation for 30 gold pieces
  5805 | D:5      | Bought a scroll of teleportation for 30 gold pieces
  6403 | D:6      | Reached skill level 11 in Spellcasting
  6494 | D:6      | Noticed Sigmund
  6642 | D:6      | Reached skill level 1 in Fire Magic
  6829 | D:6      | Slain by an orc warrior

Skill      XL: |  1  2  3  4  5  6  7  8 |
---------------+-------------------------+-----
Spellcasting   | 5 6 7 8 9 11 | 11.3
Conjurations   | 2 3 4 5 7 |  7.0
Dodging        | 3 |  3.5
Stealth        | 3 4 |  4.0
Air Magic      | 1 |  1.5
Poison Magic   | 1 |  1.3
Fire Magic     | 1 |  1.1
Fighting       | |  0.6
Summonings     | |  1.1
Translocations | |  1.6

Action                   |  1- 3 |  4- 6 |  7- 9 || total
-------------------------+-------+-------+-------++-------
Melee: Unarmed           |       |       |     1 ||     1
 Cast: Magic Dart        |    96 |   160 |   183 ||   439
       Mephitic Cloud    |       |     7 |    13 ||    20
       Blink             |       |     1 |     1 ||     2
       Conjure Flame     |       |     2 |    16 ||    18
  Use: Scroll            |       |       |     8 ||     8
  Eat: Chunk             |     1 |     8 |     5 ||    14
       Ration            |       |       |     1 ||     1
Armor: Robe              |     9 |     3 |     8 ||    20
Dodge: Dodged            |    21 |    19 |    24 ||    64
